 Dungeon Crawl Stone Soup version 0.31.0-12-g77e489cdc1 (webtiles) character file.

Game seed: 7731156330771700169

88 Curundu the Chopper (level 4, 0/60 HPs)
             Began as a Minotaur Berserker on Mar 1, 2024.
             Was a Believer of Trog.
             Slain by an orc wizard
             ... wielding a +0 dagger
              (3 damage)
             ... on level 3 of the Dungeon.
             The game lasted 00:05:00 (1477 turns).

Curundu the Chopper (Minotaur Berserker)            Turns: 1477, Time: 00:05:01

Health: 0/60       AC:  2    Str: 24    XL:     4   Next: 30%
Magic:  3/3        EV: 12    Int:  4    God:    Trog [**....]
Gold:   89         SH:  0    Dex:  9    Spells: 3/3 levels left

rFire   . . .        a - +0 hand axe
rCold   . . .        (no shield)
rNeg    . . .        b - +0 animal skin
rPois   .            (helmet restricted)
rElec   .            j - scarf {harm}
rCorr   .            (no gloves)
SInv    .            (no boots)
Will    ++...        (no amulet) Stlth
                     (no ring)
HPRegen 1.30/turn    (no ring)
MPRegen 0.08/turn

%: harm (+30% outgoing, +20% incoming)
@: berserking, strong-willed, regenerating, very quick
A: horns 2, retaliatory headbutt
a: Renounce Religion, Berserk, Trog's Hand


You were on level 3 of the Dungeon.
You worshipped Trog.
Trog was pleased with you.
You visited 1 branch of the dungeon, and saw 3 of its levels.

You collected 89 gold pieces.

Inventory:

Hand Weapons
 a - a +0 hand axe (weapon)
Armour
 b - a +0 animal skin (worn)
 j - a scarf of harm (worn)
Jewellery
 c - a ring of ice
Wands
 n - a wand of digging (5)
Scrolls
 d - 2 scrolls of enchant armour {unknown}
 e - a scroll of identify {unknown}
 h - a scroll of brand weapon {unknown}
 l - a scroll of blinking {unknown}
 m - a scroll of silence {unknown}
Potions
 f - a potion of enlightenment {unknown}
 g - a potion of ambrosia {unknown}
 i - a potion of brilliance {unknown}
 k - a potion of resistance {unknown}


   Skills:
 + Level 4.1 Fighting
 + Level 4.3 Axes
 * Level 3.0 Armour
 * Level 3.1 Dodging
 + Level 0.1 Stealth
 * Level 1.9 Shields


You had 3 spell levels left.
You didn't know any spells.
Your spell library was empty.

Dungeon Overview and Level Annotations

Branches:
Dungeon (3/15)

Altars:

Shops:
D:1 [


Innate Abilities, Weirdness & Mutations

You have a pair of horns on your head.
You reflexively headbutt those who attack you in melee.


Message History

Something hits you.
The orc wizard hits you with a +0 dagger.
Unknown command.
A red film seems to cover your vision as you go berserk!
You feel yourself moving faster!
You feel mighty! Something hits you.
The orc wizard hits you with a +0 dagger.
* * * LOW HITPOINT WARNING * * *
You miss something. You slash the orc wizard!
Something hits you but does no damage.
The orc wizard points at you and mumbles some strange words.
The magic dart hits you.
* * * LOW HITPOINT WARNING * * *
You miss something. You hit the orc wizard.
You feel the power of Trog in you as your rage grows.
You kill the orc wizard!
Trog accepts your kill.
Trog appreciates your killing of a magic user.
Something hits you.
* * * LOW HITPOINT WARNING * * *
Your Armour skill increases to level 3!
Your Dodging skill increases to level 3!
You have reached level 4!
You feel stronger.
You miss something. You barely miss the rat. The rat closely misses you.
You furiously retaliate!
You headbutt the rat!
You kill the rat!
Trog accepts your kill.
You can now call upon Trog for regeneration and willpower.
You hear some strange, mumbled words.
A puff of flame appears from out of thin air!
The puff of flame hits you!
* * * LOW HITPOINT WARNING * * *
You hit something. You slash the endoplasm!
You kill the endoplasm!
Trog accepts your kill.
You barely miss something. Your headbutt misses something. Something hits you.
* * * LOW HITPOINT WARNING * * *
Unknown command.
You miss something. Something hits you.
You die...

.........†.....#
<..............#
#.#.###†.......###
#..........###### .
..###.#.######......# #.
........# ###....##..
#####...##########.....#
#!#.).....# #...#..
#.)@#####..###...# #
###{)# #.......### #..#
####......# #...
######.. #.#.# ### #.#.#
#.... #.....


There were no monsters in sight!

Vanquished Creatures
  An orc wizard (D:3)
  2 adders (D:2)
  3 dart slugs
  2 orcs (D:3)
  3 bats
  3 endoplasms
  A giant cockroach (D:2)
  3 goblins (D:1)
  3 hobgoblins (D:1)
  3 quokkas
  3 ball pythons
  2 frilled lizards (D:1)
  4 kobolds
  2 rats (D:3)
35 creatures vanquished.

Notes
Turn   | Place    | Note
-------+----------+-------------------------------------------
     0 | D:1      | Curundu the Minotaur Berserker began the quest for the Orb.
     0 | D:1      | Reached XP level 1. HP: 19/19 MP: 0/0
     2 | D:1      | Noticed a demonspawn
     2 | D:1      | Noticed a vine stalker
     4 | D:1      | Noticed an octopode
     6 | D:1      | Noticed a felid
     6 | D:1      | Noticed a vampire
     8 | D:1      | Noticed a gargoyle
     8 | D:1      | Noticed a djinni
    10 | D:1      | Noticed a naga
    10 | D:1      | Noticed a demigod
    12 | D:1      | Noticed a tengu
    14 | D:1      | Noticed a draconian
    16 | D:1      | Noticed a formicid
    16 | D:1      | Noticed a ghoul
    18 | D:1      | Noticed an elf
    18 | D:1      | Noticed a troll
    20 | D:1      | Noticed a minotaur
    20 | D:1      | Noticed a merfolk
    22 | D:1      | Noticed a human
    22 | D:1      | Noticed a barachi
    24 | D:1      | Noticed an armataur
    24 | D:1      | Noticed a spriggan
    26 | D:1      | Noticed an oni
   131 | D:1      | Reached XP level 2. HP: 26/27 MP: 1/1
   417 | D:1      | Reached skill level 1 in Shields
   505 | D:1      | Found Guexiudu's Armour Emporium.
   607 | D:2      | Reached XP level 3. HP: 18/33 MP: 2/2
   748 | D:2      | Found a faded altar of an unknown god.
  1235 | D:2      | Reached ** piety under Trog
  1474 | D:3      | Reached XP level 4. HP: 11/40 MP: 3/3
  1474 | D:3      | HP: 2/60 [something/puff of flame (10)]
  1477 | D:3      | Slain by an orc wizard

Illustrated notes

Levels and vault maps discovered:
D:1:      kb_arrival_jail, layout_rooms, serial_shops,
          nicolae_shop_tiny_statue_garden
D:2:      layout_basic, hellmonk_ecumenical_altar_inner_sanctum,
          reono_crystal_passage
D:3:      layout_rooms

Skill      XL: |  1  2  3 |
---------------+----------+-----
Fighting       | 4 |  4.1
Axes           | 4 |  4.3
Shields        | 1 |  1.9
Armour         | 3 |  3.0
Dodging        | 3 |  3.1
Stealth        | |  0.1

Action                     |  1- 3 |  4- 6 || total
---------------------------+-------+-------++-------
  Melee: Hand axe          |    64 |     4 ||    68
         Headbutt          |    10 |       ||    10
 Invoke: Berserk           |     1 |       ||     1
         Trog's Hand       |     1 |       ||     1
 Armour: Animal skin       |    68 |     3 ||    71
  Dodge: Dodged            |    55 |     1 ||    56
